 Dungeon Crawl Stone Soup version 0.28-a0-1190-g77e1c55843 (webtiles) character file.

Game seed: 9616690328612452511

777 halfoni the Chopper (level 8, -17/61 HPs)
             Began as a Human Berserker on Dec 19, 2021.
             Was a Believer of Trog.
             Demolished by Pikel (20 damage)
             ... on level 4 of the Dungeon.
             The game lasted 00:07:20 (4546 turns).

halfoni the Chopper (Human Berserker)               Turns: 4546, Time: 00:07:20

Health: -17/61     AC: 13    Str: 19    XL:     8   Next: 10%
Magic:  8/8        EV:  8    Int:  8    God:    Trog [**....]
Gold:   161        SH:  0    Dex: 13    Spells: 7/7 levels left

rFire   + . .      SeeInvis .   a - +0 hand axe
rCold   . . .      Faith    .   (no shield)
rNeg    . . .      Spirit   .   r - +1 chain mail
rPois   .          Reflect  .   o - +2 helmet
rElec   .          Harm     .   (no cloak)
rCorr   .          Rampage  .   (no gloves)
Will    .....                   (no boots)
Stlth   ..........              (no amulet)
HPRegen 0.20/turn               l - ring of protection from fire
MPRegen 0.11/turn               (no ring)

@: no status effects
A: no striking features
a: Renounce Religion, Berserk, Trog's Hand


You were on level 4 of the Dungeon.
You worshipped Trog.
Trog was pleased with you.
You visited 1 branch of the dungeon, and saw 4 of its levels.

You collected 161 gold pieces.

Inventory:

Hand Weapons
 a - a +0 hand axe (weapon)
Missiles
 k - 24 poisoned darts (quivered)
Armour
 o - a +2 helmet (worn)
 r - a +1 chain mail (worn)
Magical Staves
 f - a staff of death
Jewellery
 l - a ring of protection from fire (left hand)
Wands
 b - a wand of polymorph (8)
Scrolls
 j - a scroll of acquirement {unknown}
 m - a scroll of identify
 n - a scroll of amnesia {unknown}
Potions
 c - a potion of curing
 d - a potion of lignification {unknown}
 g - a potion of heal wounds {unknown}
 h - a potion of flight {unknown}
 i - a potion of attraction {unknown}
 p - 2 potions of berserk rage {unknown}


   Skills:
 + Level 4.5 Fighting
 + Level 6.5 Axes
 + Level 4.7 Armour
 + Level 3.1 Dodging


You had 7 spell levels left.
You didn't know any spells.
Your spell library was empty.

Dungeon Overview and Level Annotations

Branches:
Dungeon (4/15)
 Temple: D:4-7

Altars:

Annotations:
D:4 Pikel


Message History

You closely miss the lemure.
The lemure is severely wounded.
The lemure hits you.
You completely miss the lemure.
The lemure is severely wounded.
The lemure hits you but does no damage.
Unknown command.
You hit the lemure but do no damage.
The lemure is severely wounded.
The lemure hits you.
You hit the lemure.
The lemure is severely wounded.
You miss Pikel. You barely miss Pikel. You slash Pikel!
Pikel is lightly wounded.
Pikel hits you with a +1 whip of electrocution.
You are electrocuted!
* * * LOW HITPOINT WARNING * * *
You hit Pikel but do no damage.
Pikel is lightly wounded.
Pikel hits you with a +1 whip of electrocution.
* * * LOW HITPOINT WARNING * * *
Press: ? - help, v - describe, . - travel A stone wall.
Aiming: Polymorph
Press: ? - help, Q - select action, (/) - cycle Shift-Dir - straight line, f - Pikel
Aim: Pikel, wielding a +1 whip of electrocution and wearing a +0 robe (lightly wounded, will become an ice beast, a shapeshifter, or an unseen horror, chance to affect: 46%) Pikel resists with some effort.
Pikel hits you but does no damage.
Aiming: Throw Flame
Press: ? - help, Q - select action, (/) - cycle Shift-Dir - straight line, f - worm, p - Pikel
Aim: a worm (89% to hit)
The puff of flame hits Pikel!
Pikel is moderately wounded.
The now-empty wand crumbles to dust.
Pikel hits you with a +1 whip of electrocution!
* * * LOW HITPOINT WARNING * * *
You are electrocuted!!
You die...

###..(
#...# #.#
##..
###.###.#
...
##...## ##
##.## #.#
#># #.#
###5###.#
#.5w5K@.#
...#5#####


You could see Pikel, 4 lemures and a worm.

Vanquished Creatures
  Grinder (D:4)
  A necrophage (D:4)
  An ogre (D:4)
  A scorpion (D:3)
  Blork the orc (D:4)
  An orc priest (D:3)
  A centaur skeleton (D:4)
  Terence (D:3)
  Ijyb (D:4)
  Robin (D:3)
  11 adders
  An adder skeleton (D:4)
  A dart slug (D:1)
  3 orcs (D:3)
  6 bats
  6 endoplasms
  4 giant cockroaches
  12 goblins
  7 hobgoblins
  4 jackals
  3 quokkas
  2 ball pythons
  A frilled lizard (D:3)
  7 kobolds
  4 rats
82 creatures vanquished.

Notes
Turn   | Place    | Note
-------+----------+-------------------------------------------
     0 | D:1      | halfoni the Human Berserker began the quest for the Orb.
     0 | D:1      | Reached XP level 1. HP: 18/18 MP: 1/1
   177 | D:1      | Reached XP level 2. HP: 24/24 MP: 2/2
  1080 | D:2      | Reached XP level 3. HP: 27/29 MP: 3/3
  1583 | D:2      | Found a faded altar of an unknown god.
  1751 | D:2      | Reached XP level 4. HP: 35/35 MP: 4/4
  2226 | D:3      | Noticed Robin
  2232 | D:3      | Reached skill level 4 in Axes
  2284 | D:3      | Killed Robin
  2489 | D:3      | Reached XP level 5. HP: 27/41 MP: 5/5
  2705 | D:3      | Noticed Terence
  2715 | D:3      | Killed Terence
  2806 | D:3      | Reached XP level 6. HP: 11/48 MP: 6/6
  3201 | D:3      | Reached skill level 5 in Axes
  3809 | D:4      | Noticed Blork the orc
  3816 | D:4      | Noticed Ijyb
  3820 | D:4      | Killed Blork the orc
  3832 | D:4      | Killed Ijyb
  3833 | D:4      | Reached XP level 7. HP: 50/54 MP: 7/7
  3891 | D:4      | Reached ** piety under Trog
  3922 | D:4      | Noticed Grinder
  4312 | D:4      | Killed Grinder
  4313 | D:4      | Reached skill level 6 in Axes
  4318 | D:4      | Reached XP level 8. HP: 55/61 MP: 8/8
  4522 | D:4      | Noticed Pikel
  4546 | D:4      | HP: 3/61 [Pikel (7)]
  4546 | D:4      | Demolished by Pikel

Illustrated notes

Levels and vault maps discovered:
D:1:      lemuel_arrival_river_passageway, layout_basic, minmay_parallelograms
D:2:      layout_basic, shapermc_ecumenical_altar_totnotflames
D:3:      minmay_general_purpose_star, layout_basic, uniq_terence, uniq_robin
D:4:      layout_loops_cross, uniq_ijyb, uniq_grinder, uniq_pikel,
          uniq_blork_the_orc

Skill      XL: |  1  2  3  4  5  6  7 |
---------------+----------------------+-----
Axes           | 4 5 6 |  6.5
Armour         | 3 4 |  4.7
Dodging        | 3 |  3.1
Fighting       | 4 |  4.5

Action                   |  1- 3 |  4- 6 |  7- 9 || total
-------------------------+-------+-------+-------++-------
Melee: Hand axe          |    67 |   163 |    95 ||   325
Invok: Berserk           |     1 |     8 |     2 ||    11
Evoke: Wand              |       |       |     2 ||     2
  Use: Scroll            |       |     9 |     1 ||    10
       Potion            |       |       |     1 ||     1
Armor: Leather armour    |    10 |       |       ||    10
       Animal skin       |     5 |       |       ||     5
       Scale mail        |    19 |    41 |       ||    60
       Chain mail        |       |    59 |    69 ||   128
Dodge: Dodged            |    41 |    98 |    30 ||   169

Table legend: (Time is in decaauts)
 A = Elapsed time spent in this place.
 B = Non-inter-level travel time spent in this place.
 C = Inter-level travel time spent in this place.
 D = Time resting spent in this place.
 E = Time spent auto-exploring this place.
 F = Levels seen in this place.
 G = Mean time per level.
                   A        B        C        D        E       F      G
               +--------+--------+--------+--------+--------+-----+--------+
         Total |   4672 |   4672 |      0 |   1590 |   2106 |   4 | 1168.0 |
       Dungeon |   4672 |   4672 |      0 |   1590 |   2106 |   4 | 1168.0 |
               +--------+--------+--------+--------+--------+-----+--------+

Top non-repeatable levels by time:
     D:3: 1918 daAuts
     D:2: 1147 daAuts
     D:1: 1108 daAuts
     D:4: 498 daAuts
